 Dungeon Crawl Stone Soup version 0.30-a0-218-gedb9141078 (webtiles) character file.

Game seed: 6310625118761059802

123 Flugkiller the Magician (level 4, 0/31 HPs)
             Began as a Mummy Earth Elementalist on Oct 5, 2022.
             Slain by a black bear (6 damage)
             ... on level 3 of the Dungeon.
             The game lasted 00:03:24 (2562 turns).

Flugkiller the Magician (Mummy Earth Elementalist)  Turns: 2562, Time: 00:03:24

Health: 0/31       AC:  2    Str: 11    XL:     4   Next: 80%
Magic:  9/10       EV: 12    Int: 16    God:
Gold:   162        SH:  0    Dex: 12    Spells: 7/11 levels left

rFire   x . .      SeeInvis .    h - +1 whip (pain)
rCold   + . .      Faith    +    (no shield)
rNeg    + + +      Spirit   .    a - +0 robe
rPois   ∞          Reflect  .    (no helmet)
rElec   .          Harm     .    (no cloak)
rCorr   .          Rampage  .    (no gloves)
Will    .....                    (no boots)
Stlth   ++........               (no amulet)
HPRegen 0.25/turn                (no ring)
MPRegen 0.12/turn                (no ring)

@: no status effects
A: cold resistance 1, negative energy resistance 3, torment resistance 2, heat
vulnerability 1, in touch with death 1, no potions, faith
a: no special abilities


You were on level 3 of the Dungeon.
You visited 1 branch of the dungeon, and saw 3 of its levels.

You collected 162 gold pieces.

Inventory:

Hand Weapons
 b - a +0 short sword
   (You took it off a kobold on level 1 of the Dungeon)
 h - a +1 whip of pain (weapon)
   (You took it off a kobold on level 2 of the Dungeon)
Missiles
 f - 2 poisoned darts
Armour
 a - a +0 robe (worn)
Jewellery
 j - a ring of ice
   (You found it on level 3 of the Dungeon)
Scrolls
 e - a scroll of enchant weapon
 g - a scroll of vulnerability {unknown}
 i - a scroll of amnesia


   Skills:
 + Level 0.9 Fighting
 - Level 1.5 Dodging
 - Level 1.5 Stealth
 - Level 4.0 Spellcasting
 + Level 0.0 Conjurations
 - Level 0.7 Transmutations
 + Level 4.0 Earth Magic


You had 7 spell levels left.
You knew the following spells:

 Your Spells              Type           Power      Damage    Failure   Level
a - Sandblast             Erth           32%        2d9       3%          1
b - Stone Arrow           Conj/Erth      18%        3d8       22%         3

Your spell library contained the following spells:

 Spells                   Type           Power      Damage    Failure   Level
 Passwall                 Tmut/Erth      8%         N/A       10%         2
 Blink                    Tloc           6%         N/A       26%         2
 Momentum Strike          Conj/Tloc      6%         3d8       26%         2
 Lesser Beckoning         Tloc           6%         N/A       45%         3
 Petrify                  Tmut/Erth      10%        N/A       54%         4


Dungeon Overview and Level Annotations

Branches:
Dungeon (3/15) Zot: 15376

Altars:

Annotations:
D:2 1 runed translucent door, Crazy Yiuf


Innate Abilities, Weirdness & Mutations

You are immune to poison.
Your flesh is cold resistant. (rC+)
You are immune to negative energy. (rN+++)
You are immune to unholy pain and torment.
You are vulnerable to heat. (rF-)
You are in touch with the powers of death.
You do not drink.
You have a special connection with the divine. (Faith)


Message History

Press: ? - help, Shift-Dir - straight line, f - quokka
Aim: a quokka (asleep, 100% to hit)
The blast of sand hits the quokka but does no damage.
Casting: Sandblast (safe; 3% risk of failure)
Confirm with . or Enter, or press ? or * to list all spells.
Aiming: Sandblast (safe; 3% risk of failure)
Press: ? - help, Shift-Dir - straight line, f/p - quokka
Aim: a quokka (75% to hit)
The blast of sand misses the quokka.
Casting: Sandblast (safe; 3% risk of failure)
Confirm with . or Enter, or press ? or * to list all spells.
Aiming: Sandblast (safe; 3% risk of failure)
Press: ? - help, Shift-Dir - straight line, f/p - quokka
Aim: a quokka (75% to hit)
The blast of sand hits the quokka!
You kill the quokka!
You open the door.
Found a scale mail.
Found a red potion.
You see here a red potion.
Magic restored.
Found a stone staircase leading down.
Found a coppery potion.
Found a stone staircase leading up.
A rat comes into view.
The rat moves out of view.
A rat is nearby!
A rat is nearby!
Casting: Sandblast (safe; 3% risk of failure)
Confirm with . or Enter, or press ? or * to list all spells.
Aiming: Sandblast (safe; 3% risk of failure)
Press: ? - help, Shift-Dir - straight line, f - rat
Aim: a rat (82% to hit)
The blast of sand hits the rat.
You kill the rat!
A hobgoblin comes into view.
A hobgoblin is nearby!
A hobgoblin is nearby!
The hobgoblin closely misses you.
You see here a rat corpse.
Casting: Sandblast (safe; 3% risk of failure)
Confirm with . or Enter, or press ? or * to list all spells.
Aiming: Sandblast (safe; 3% risk of failure)
Press: ? - help, Shift-Dir - straight line, f - hobgoblin
Aim: a hobgoblin (82% to hit)
The blast of sand hits the hobgoblin!
You kill the hobgoblin!
Casting: Sandblast (safe; 3% risk of failure)
Confirm with . or Enter, or press ? or * to list all spells.
You can't see any susceptible monsters within range! (Use Z to cast anyway.)
You now have 162 gold pieces (gained 8).
A ball python comes into view.
You see here 3 gold pieces.
A ball python is nearby!
A ball python is nearby!
A worm comes into view.
You hit the ball python.
You kill the ball python!
A black bear comes into view.
You see here a ball python corpse.
Casting: Sandblast (safe; 3% risk of failure)
Confirm with . or Enter, or press ? or * to list all spells.
Aiming: Sandblast (safe; 3% risk of failure)
Press: ? - help, Shift-Dir - straight line, f - worm
Aim: a worm (94% to hit)
The blast of sand hits the worm!
The worm is moderately wounded.
The black bear growls angrily.
Casting: Sandblast (safe; 3% risk of failure)
Confirm with . or Enter, or press ? or * to list all spells.
Aiming: Sandblast (safe; 3% risk of failure)
Press: ? - help, Shift-Dir - straight line, f/p - worm
Aim: a worm (moderately wounded, 94% to hit)
The blast of sand hits the worm!
The worm is almost dead.
The worm bites you!
The black bear attacks as you move away!
The black bear bites you! The black bear barely misses you.
The black bear claws you.
The black bear attacks as you move away!
The black bear bites you but does no damage.
The black bear claws you.
The black bear claws you but does no damage.
Okay, then.
As you read the scroll labelled NEIM OTOEBLAE, it crumbles to dust.
It is a scroll of amnesia.
Really abort (and waste the scroll)?
Okay, then.
The black bear closely misses you. The black bear claws you.
The black bear closely misses you.
As you read the scroll labelled WIXUAPAGRO, it crumbles to dust.
You feel aware of your surroundings.
You sensed 2 altars.
It was a scroll of magic mapping.
The black bear bites you.
* * * LOW HITPOINT WARNING * * *
The black bear misses you. The black bear barely misses you.
As you read the scroll labelled GYTZET DOMY, it crumbles to dust.
It is a scroll of identify.
e - a scroll of enchant weapon The black bear bites you.
You die...

....................,*,,,,,,,***#
..................,,,*,,,,,,,* #
..........###...#************* #
########### #.†.# # *** #...#
######### ,,* #...#### #......##
,,* #...+..## #......## ,,*
*######.wh##..# #.......# ,,*
*.........@...# #.......# ,,*
*.............#####.......# ,,*
*.................###†##... ,,*
*............####.....##...
,,*****............# ####..##.##
,,,,,,,............# ##.....,
,,,,,,,.....$......# #.###.#
*,,,,,,.#####.###### #..,,.#
*,,,,,,,***...,,**** #..#*##


You could see a black bear and a worm.

Vanquished Creatures
  An orc wizard (D:3)
  2 adders (D:2)
  3 dart slugs
  5 orcs
  4 endoplasms
  4 giant cockroaches
  6 goblins
  9 hobgoblins
  7 kobolds
  5 quokkas
  5 ball pythons
  7 bats
  3 frilled lizards
  4 rats
65 creatures vanquished.

Vanquished Creatures (others)
  3 fungi (D:2)
  7 plants (D:2)
10 creatures vanquished.

Grand Total: 75 creatures vanquished

Notes
Turn   | Place    | Note
-------+----------+-------------------------------------------
     0 | D:1      | Flugkiller the Mummy Earth Elementalist began the quest for
                  | the Orb.
     0 | D:1      | Reached XP level 1. HP: 13/13 MP: 4/4
   171 | D:1      | Reached XP level 2. HP: 19/19 MP: 3/6
   337 | D:1      | Found a faded altar of an unknown god.
   673 | D:1      | Gained mutation: You are in touch with the powers of death.
                  | [Mummy growth]
   673 | D:1      | Reached XP level 3. HP: 24/24 MP: 1/8
  1485 | D:2      | Reached XP level 4. HP: 30/30 MP: 7/10
  2232 | D:2      | Found a runed translucent door.
  2233 | D:2      | Noticed Crazy Yiuf
  2419 | D:3      | Learned a level 3 spell: Stone Arrow
  2552 | D:3      | Noticed a black bear
  2562 | D:3      | Slain by a black bear

Illustrated notes

Levels and vault maps discovered:
D:1:      dpeg_arrival_arbitrary_b, layout_basic,
          dreamdust_ecumenical_altar_hidden_monk_grotto,
          chequers_serial_rivers_micro_d
D:2:      layout_basic, minmay_misc_feat_ornament, serial_bayou_ford_a,
          uniq_crazy_yiuf_cottage
D:3:      layout_basic, slow_altar_1, lemuel_crystal_altar

Skill      XL: |  1  2  3  4 |
---------------+-------------+-----
Spellcasting   | 3 4 |  4.0
Earth Magic    | 3 4 |  4.0
Fighting       | |  0.9
Dodging        | |  1.5
Stealth        | |  1.5
Transmutations | |  0.7

Action                   |  1- 3 |  4- 6 || total
-------------------------+-------+-------++-------
Melee: Unarmed           |     3 |       ||     3
       Short sword       |    13 |       ||    13
       Whip              |     1 |     8 ||     9
 Cast: Sandblast         |    65 |    38 ||   103
  Use: Scroll            |       |     5 ||     5
Armor: Robe              |    14 |     4 ||    18
Dodge: Dodged            |    47 |    23 ||    70

Table legend: (Time is in decaauts)
 A = Elapsed time spent in this place.
 B = Non-inter-level travel time spent in this place.
 C = Inter-level travel time spent in this place.
 D = Time resting spent in this place.
 E = Time spent auto-exploring this place.
 F = Levels seen in this place.
 G = Mean time per level.
                   A        B        C        D        E       F      G
               +--------+--------+--------+--------+--------+-----+--------+
         Total |   2622 |   2535 |     87 |    524 |   1481 |   3 |  874.0 |
       Dungeon |   2622 |   2535 |     87 |    524 |   1481 |   3 |  874.0 |
               +--------+--------+--------+--------+--------+-----+--------+

Top non-repeatable levels by time:
     D:2: 1308 daAuts
     D:1: 1064 daAuts
     D:3: 249 daAuts
